 Dungeon Crawl Stone Soup version 0.29.0-4-gdea44cf6ec (webtiles) character file.

Game seed: 13361551337103216596

7 qw the Chopper (level 2, -2/24 HPs)
             Began as a Barachi Chaos Knight on Sept 4, 2022.
             Slain by a troll (shapeshifter) (3 damage)
             ... on level 1 of the Dungeon.
             The game lasted 00:00:10 (492 turns).

qw the Chopper (Barachi Chaos Knight)                Turns: 492, Time: 00:00:10

Health: -2/24      AC:  5    Str: 13    XL:     2   Next: 4%
Magic:  2/2        EV: 11    Int: 12    God:
Gold:   0          SH:  0    Dex: 11    Spells: 1/1 levels left

rFire   . . .      SeeInvis .   a - +0 hand axe (chaos)
rCold   . . .      Faith    .   (no shield)
rNeg    . . .      Spirit   .   b - +2 leather armour
rPois   .          Reflect  .   (no helmet)
rElec   .          Harm     .   (no cloak)
rCorr   .          Rampage  .   (no gloves)
Will    .....                   (no boots)
Stlth   +.........              (no amulet)
HPRegen 0.08/turn               (no ring)
MPRegen 0.08/turn               (no ring)

@: slow
A: amphibious, slowness 1, strong legs 1, +LOS
a: Hop


You were on level 1 of the Dungeon.
You visited 1 branch of the dungeon, and saw 1 of its levels.


Innate Abilities, Weirdness & Mutations

You are amphibious.
You cover ground slowly.
You can hop short distances.
You have an extended range of vision and can be seen from far away.


   Skills:
 - Level 3.6 Fighting
 + Level 3.9 Axes
 - Level 2.4 Armour
 - Level 1.1 Dodging


You had one spell level left.
You didn't know any spells.
Your spell library was empty.

Inventory:

Hand Weapons
 a - a +0 hand axe of chaos (weapon)
 g - a +0 club
Armour
 b - a +2 leather armour (worn)
Scrolls
 d - a scroll of immolation {unknown}
 e - a scroll of identify {unknown}
 f - a scroll of butterflies {unknown}
Miscellaneous
 c - a piece from Xom's chessboard (15/15)

Dungeon Overview and Level Annotations

Branches:
Dungeon (1/15)

Altars:


Message History

Lightning courses through the giant cockroach!
You kill the giant cockroach!
A hobgoblin comes into view.
The hobgoblin shouts!
A giant cockroach comes into view.
451 ||| Stepping ~*~*~tactically~*~*~ (stealth).
453 ||| Stepping ~*~*~tactically~*~*~ (stealth).
You closely miss the hobgoblin. The hobgoblin closely misses you.
The hobgoblin completely misses you.
You hit the hobgoblin.
The hobgoblin is moderately wounded.
The hobgoblin barely misses you.
You hit the hobgoblin.
The hobgoblin is heavily wounded.
The hobgoblin hits you.
You barely miss the hobgoblin.
The hobgoblin is heavily wounded.
The hobgoblin closely misses you.
You hit the hobgoblin. You drain the hobgoblin.
You kill the hobgoblin!
You have reached level 2!
You start resting.
HP restored.
A hobgoblin comes into view.
The hobgoblin shouts!
You closely miss the hobgoblin. The hobgoblin completely misses you.
You barely miss the hobgoblin. The hobgoblin barely misses you.
You hit the hobgoblin.
The hobgoblin changes into a shapeshifter!
The shapeshifter changes into a troll!
You hit the troll.
The troll is lightly wounded.
The troll bites you! The troll claws you! The troll claws you.
You hit the troll.
The troll flickers and vanishes!
Deactivating autopickup; reactivate with Ctrl-A.
Something bites you but does no damage. Something claws you but does no damage.
Something claws you.
You die...

### #######.#####......
#######.## #.......# ##......
.......#.# #.#####.# #......#
#######.##### #.#####.# ##......
#.........# #.#.....# ##.####
#.###.###.# #.#.###.# #.# #.# #.#
#.# #.#.# #.# #.# ###.###.# #.#
#{#.###.# ##'## #.......# #.#
#.@.....# ##...## #.#.##..# #.#
###.##### ##.....## #.#..#..###.#
#..## ##........
#.#.........#####...####.........
.......................'.........
#.#....#####........####.........
#.##.#.# #.####...# ##........
#.##.#.# #.# #.#.# ##.....#.
#......# #.# #.#.# ##...##.


There were no monsters in sight!

Vanquished Creatures
  An endoplasm (D:1)
  A giant cockroach (D:1)
  A hobgoblin (D:1)
  A bat (D:1)
  3 frilled lizards (D:1)
  A goblin (D:1)
8 creatures vanquished.

Notes
Turn   | Place    | Note
-------+----------+-------------------------------------------
     0 | D:1      | qw the Barachi Chaos Knight began the quest for the Orb.
     0 | D:1      | Reached XP level 1. HP: 18/18 MP: 1/1
     0 | D:1      | 0 ||| qw: Version: 0.1-a-103-gd6f5d3a
     0 | D:1      | 0 ||| qw: Game counter: 5450
     0 | D:1      | 0 ||| qw: Always use a shield: true
     0 | D:1      | 0 ||| qw: God list: Okawaru
     0 | D:1      | 0 ||| qw: Allow faded altars: false
     0 | D:1      | 0 ||| qw: Do Orc after D:15 true
     0 | D:1      | 0 ||| qw: Do second Lair branch before Depths: true
     0 | D:1      | 0 ||| qw: Lair rune preference: random
     0 | D:1      | 0 ||| qw: Plans: Normal
     0 | D:1      | 0 ||| PLANNING D:1-11
     0 | D:1      | Fell from the grace of Xom
   451 | D:1      | 451 ||| Stepping ~*~*~tactically~*~*~ (stealth).
   453 | D:1      | 453 ||| Stepping ~*~*~tactically~*~*~ (stealth).
   464 | D:1      | Reached XP level 2. HP: 23/24 MP: 2/2
   490 | D:1      | Noticed a shapeshifter
   490 | D:1      | a hobgoblin changed into a shapeshifter
   490 | D:1      | Noticed a troll
   490 | D:1      | a shapeshifter changed into a troll
   491 | D:1      | HP: 6/24 [troll (shapeshifter) (7)]
   491 | D:1      | HP: 1/24 [troll (shapeshifter) (5)]
   492 | D:1      | Slain by a troll (shapeshifter)

Levels and vault maps discovered:
D:1:      lightli_arrival_boilingwater, layout_loops_corners

Action                   || total
-------------------------++-------
Melee: Hand axe          ||    36
Invok: Renounce Religion ||     1
Armor: Leather armour    ||     8
Dodge: Dodged            ||    20

Table legend:
 A = Non-vault XP
 B = Vault XP
 C = Vault XP percentage of total XP
 D = Non-vault monster count
 E = Vault monster count
 F = Vault count percentage of total count
                 A         B        C        D         E       F
            +---------+---------+-------+---------+---------+-------
      Total |      11 |       0 |   0.0 |       8 |       0 |   0.0
            +---------+---------+-------+---------+---------+-------
        D:1 |      11 |       0 |   0.0 |       8 |       0 |   0.0
            +---------+---------+-------+---------+---------+-------
